 Dungeon Crawl Stone Soup version 0.31.0-32-g396128a36d (webtiles) character file.

Game seed: 17943970858213789536

2514 ChadusMaximus the Summoner (level 9, -11/57 HPs)
             Began as a Barachi Summoner on Mar 8, 2024.
             Mangled by a skeletal warrior
             ... wielding a +0 trident
              (19 damage)
             ... on level 7 of the Dungeon.
             The game lasted 00:11:01 (6938 turns).

ChadusMaximus the Summoner (Barachi Summoner)       Turns: 6938, Time: 00:11:03

Health: -11/57     AC:  4    Str: 17    XL:     9   Next: 53%
Magic:  0/20       EV: 12    Int: 31    God:
Gold:   107        SH:  0    Dex: 14    Spells: 9/23 levels left

rFire   + . .        p - +0 falchion
rCold   x . .        (no shield)
rNeg    . . .        A - +0 robe of the Curious Nightcaps {rElec rF+ rC- Str+8}
rPois   .            (no helmet)
rElec   +            (no cloak)
rCorr   .            i - +0 pair of gloves
SInv    .            s - +0 pair of boots
Will    .....        (no amulet)
Stlth   ++           h - +6 ring of intelligence
HPRegen 0.29/turn    j - +6 ring of intelligence
MPRegen 0.17/turn

%: no passive effects
@: unable to hop, inugami summoned, slow
A: amphibious, slowness 1, strong legs 1, +LOS
a: Hop


You were on level 7 of the Dungeon.
You visited 2 branches of the dungeon, and saw 8 of its levels.
You also visited: Sewer.

You collected 274 gold pieces.
You spent 167 gold pieces at shops.

Inventory:

Hand Weapons
 f - a +0 club
 p - a +0 falchion (weapon)
Armour
 i - a +0 pair of gloves (worn)
 s - a +0 pair of boots (worn)
 A - the +0 robe of the Curious Nightcaps (worn) {rElec rF+ rC- Str+8}
   (You bought it in a shop on level 6 of the Dungeon)

   Str+8:     It affects your strength (+8).
   rF+:       It protects you from fire.
   rC-:       It makes you vulnerable to cold.
   rElec:     It insulates you from electricity.
Jewellery
 h - a +6 ring of intelligence (left hand)
 j - a +6 ring of intelligence (right hand)
 r - a ring of protection from fire
Wands
 q - a wand of flame (10)
Scrolls
 d - a scroll of noise {unknown}
 g - 3 scrolls of teleportation
 k - 2 scrolls of fog {unknown}
 l - a scroll of revelation {unknown}
 m - 4 scrolls of identify {unknown}
 w - 2 scrolls of vulnerability {unknown}
 y - a scroll of silence {unknown}
 B - a scroll of brand weapon {unknown}
Potions
 a - a potion of invisibility {unknown}
 c - 4 potions of attraction {unknown}
 e - a potion of heal wounds
 n - 2 potions of brilliance {unknown}
 o - 2 potions of haste {unknown}
 t - a potion of lignification {unknown}
 u - 2 potions of might {unknown}
 v - 4 potions of curing
 x - 2 potions of enlightenment
 z - a potion of resistance {unknown}


   Skills:
 - Level 2.2 Dodging
 - Level 1.8 Stealth
 + Level 7.6 Spellcasting
 * Level 13.0 Summonings


You had 9 spell levels left.
You knew the following spells:

 Your Spells              Type           Power      Damage    Failure   Level
a - Summon Small Mammal   Summ           100%       N/A       1%          1
b - Call Canine Familiar  Summ           75%        N/A       1%          3
c - Call Imp              Summ           100%       N/A       1%          2
d - Summon Lightning Spi  Summ/Air       51%        N/A       2%          4
e - Summon Blazeheart Go  Fire/Summ      51%        N/A       2%          4

Your spell library contained the following spells:

 Spells                   Type           Power      Damage    Failure   Level
 Sandblast                Erth           22%        2d7       4%          1
 Blink                    Tloc           22%        N/A       6%          2
 Lesser Beckoning         Tloc           22%        N/A       6%          2
 Momentum Strike          Conj/Tloc      22%        3d8       6%          2
 Passwall                 Erth           11%        N/A       12%         3
 Stone Arrow              Conj/Erth      22%        3d8       12%         3
 Brom's Barrelling Bould  Conj/Erth      11%        2d3       38%         4
 Olgreb's Toxic Radiance  Alch           11%        N/A       38%         4
 Alistair's Intoxication  Alch           7%         N/A       75%         5
 Borgnjor's Vile Clutch   Necr/Erth      5%         N/A       75%         5
 Iskenderun's Battlesphe  Conj           11%        2d7       75%         5
 Spellforged Servitor     Conj/Summ      25%        N/A       94%         7
 Bombard                  Conj/Erth      5%         9d2       99%         6
 Eringya's Noxious Bog    Alch           5%         4d6       99%         6
 Ozocubu's Refrigeration  Ice            5%         4d8       100%        7
 Discord                  Hex            5%         N/A       100%        8


Dungeon Overview and Level Annotations

Branches:
Dungeon (7/15)             Temple (1/1) D:5           Sewer (visited)

Altars:
Ashenzari
Cheibriados
Elyvilon
Fedhas
Hepliaklqana
Kikubaaqudgha
Nemelex Xobeh
Okawaru
Qazlal
Ru
Sif Muna
Vehumet
Wu Jian
Xom
Yredelemnul
Zin
The Shining One

Shops:
D:4 :   D:6 [[!!


Innate Abilities, Weirdness & Mutations

You are amphibious.
You cover ground slowly.
You can hop short distances.
You have an extended range of vision and can be seen from far away.


Message History

Your cerulean imp dies!
Your cerulean imp disappears in a puff of smoke!
Hop to where?
Press: ? - help, Dir - move target Boing!
A skeletal warrior is nearby!
A wraith comes into view.
Casting: Call Imp (safe; 1% risk of failure)
Confirm with . or Enter, or press ? or * to list all spells.
An electric hum fills the air.
The wraith hits you.
Your lightning spire shoots out a bolt of lightning at the wraith!
The bolt of electricity hits the wraith! x2
The wraith hits your lightning spire but does no damage. x2
Casting: Summon Lightning Spire (dangerous; 3% risk of failure)
Confirm with . or Enter, or press ? or * to list all spells.
Your lightning spire shoots out a bolt of lightning at the wraith!
The bolt of electricity hits the wraith!
The wraith is destroyed!
Your Summonings skill increases to level 13!
You swap places.
The skeletal warrior hits your quokka with a +0 trident!
Your quokka dies!
Your quokka's corpse disappears in a puff of smoke!
You feel much better.
The skeletal warrior hits you but does no damage.
The skeletal warrior hits you from afar with a +0 trident!!
Casting: Summon Small Mammal (safe; 1% risk of failure)
Confirm with . or Enter, or press ? or * to list all spells.
You call for your canine familiar and it appears with a howl!
The skeletal warrior closely misses you.
The skeletal warrior attacks as it pursues you!
The skeletal warrior barely misses you.
The skeletal warrior attacks as it pursues you!
The skeletal warrior hits you from afar with a +0 trident!!
* * * LOW HITPOINT WARNING * * *
A two-headed ogre comes into view.
It is wielding a +0 giant club and a +0 giant spiked club.
Your inugami closely misses the skeletal warrior.
The skeletal warrior hits you from afar with a +0 trident!!
You die...

####################
#...................
#.##############.### #.#
#........ #.# #.###.###
#.# #.# #8# #
#####.##########.###.# #
#......@.z........##.#
#.#O##.#h#######..##.###
#.#.##.#.# #####..##...#
#.#.##.#.# #............
#.#.##.#.# #.###'#####+#
#.#.##.#.###.#.....# #.
#.#.##..)..#.#..#..## ##
#.#.####.#.#.+.....'###.
#.#.# #.#.#.#.#.#.#.#h#


You could see a skeletal warrior (ally target), a two-headed ogre (wandering)
and a friendly inugami (summoned).

Vanquished Creatures
  A phantom (D:4)
  A howler monkey (D:5)
  A jelly (D:5)
  An iguana (D:5)
  2 adders
  A shadow imp (D:7)
  2 dart slugs
  An orc (D:3)
  4 endoplasms
  A giant cockroach (D:2)
  4 goblins
  3 hobgoblins
  A kobold (D:4)
  A quokka (D:2)
  2 bats (D:2)
  2 frilled lizards (D:2)
  2 rats
30 creatures vanquished.

Vanquished Creatures (collateral kills)
  2 ugly things (D:7)
  A wraith (D:7)
  2 nameless horrors
  A water moccasin (D:5)
  An orc warrior (D:6)
  An ice beast (D:7)
  A black bear (D:5)
  2 ogres
  A phantom (D:4)
  A kobold brigand (Sewer)
  2 bullfrogs (D:7)
  Blork the orc (D:6)
  A howler monkey (D:7)
  2 bombardier beetles
  3 jellies
  3 iguanas
  Ijyb (D:3)
  An orc wizard (D:6)
  A gnoll (D:7)
  6 adders
  2 river rats (Sewer)
  2 ufetubi (D:6)
  2 dart slugs
  11 orcs
  11 ball pythons
  3 bats (D:1)
  6 endoplasms
  3 giant cockroaches
  6 goblins
  7 hobgoblins
  A jackal (Sewer)
  9 kobolds
  4 quokkas
  A frilled lizard (D:3)
  5 rats
107 creatures vanquished.

Grand Total: 137 creatures vanquished

Notes
Turn   | Place    | Note
-------+----------+-------------------------------------------
     0 | D:1      | ChadusMaximus the Barachi Summoner began the quest for the
                  | Orb.
     0 | D:1      | Reached XP level 1. HP: 13/13 MP: 3/3
   138 | D:1      | Reached skill level 5 in Summonings
   159 | D:1      | Found a faded altar of an unknown god.
   168 | D:1      | Reached XP level 2. HP: 10/19 MP: 1/5
   411 | D:1      | Reached XP level 3. HP: 24/24 MP: 5/7
   415 | D:1      | Learned a level 3 spell: Call Canine Familiar
   418 | D:1      | Learned a level 2 spell: Call Imp
  1235 | D:2      | Reached skill level 6 in Summonings
  1235 | D:2      | Reached XP level 4. HP: 30/30 MP: 4/8
  2212 | D:3      | Noticed Ijyb
  2228 | D:3      | Killed Ijyb
  2229 | D:3      | Reached XP level 5. HP: 35/35 MP: 2/10
  2589 | D:3      | Reached skill level 7 in Summonings
  2965 | D:4      | Reached XP level 6. HP: 35/41 MP: 11/11
  3082 | D:4      | Found Sarr's Vocational Training.
  3399 | D:4      | Reached skill level 8 in Summonings
  3583 | D:5      | Entered Level 5 of the Dungeon
  3596 | D:5      | Learned a level 4 spell: Summon Lightning Spire
  3634 | D:5      | Noticed a water moccasin
  3643 | D:5      | Killed a water moccasin
  3644 | D:5      | Reached XP level 7. HP: 46/46 MP: 5/14
  3814 | D:5      | Found a staircase to the Ecumenical Temple.
  3833 | D:5      | Noticed a nameless horror
  3841 | D:5      | Killed a nameless horror
  3849 | Temple   | Entered the Ecumenical Temple
  4108 | D:5      | Reached skill level 5 in Spellcasting
  4108 | D:5      | Reached skill level 9 in Summonings
  4704 | D:5      | Reached XP level 8. HP: 52/52 MP: 9/16
  5048 | D:6      | Found Zuomoaf's Armour Emporium.
  5048 | D:6      | Noticed an animated storm dragon scales
  5048 | D:6      | Noticed an animated crystal plate armour
  5086 | D:6      | Reached skill level 10 in Summonings
  5093 | D:6      | Found a glowing drain.
  5114 | Sewer    | Entered a sewer
  5288 | Sewer    | Found a white marble altar of Elyvilon.
  5362 | D:6      | Found a sacrificial altar of Ru.
  5362 | D:6      | Found a shimmering altar of Xom.
  5641 | D:6      | Found Nungek's Antique Armour Shop.
  5644 | D:6      | Found Joddowk's Distillery.
  5649 | D:6      | Bought a distressingly furry robe for 125 gold pieces
  5649 | D:6      | Identified the +0 robe of the Curious Nightcaps {rElec rF+
                  | rC- Str+8} (You bought it in a shop on level 6 of the
                  | Dungeon)
  5671 | D:6      | Bought a potion of curing for 42 gold pieces
  5885 | D:6      | Noticed Blork the orc
  5894 | D:6      | Killed Blork the orc
  5895 | D:6      | Reached skill level 11 in Summonings
  6004 | D:6      | Found Cupaoher's Distillery.
  6183 | D:7      | Found a hazy altar of Hepliaklqana.
  6192 | D:7      | Noticed a troll
  6194 | D:7      | Noticed a manticore
  6457 | D:7      | Noticed a nameless horror
  6463 | D:7      | Killed a nameless horror
  6475 | D:6      | Learned a level 4 spell: Summon Blazeheart Golem
  6817 | D:7      | Found the +8 storm bow {elec, penet}
  6817 | D:7      | Noticed a purple ugly thing
  6820 | D:7      | Noticed a brown ugly thing
  6831 | D:7      | Noticed a skeletal warrior
  6833 | D:7      | Killed a purple ugly thing
  6834 | D:7      | Reached skill level 12 in Summonings
  6834 | D:7      | Reached XP level 9. HP: 57/57 MP: 3/19
  6847 | D:7      | Killed a brown ugly thing
  6923 | D:7      | Reached skill level 13 in Summonings
  6938 | D:7      | Noticed a two-headed ogre
  6938 | D:7      | Mangled by a skeletal warrior

Illustrated notes

Levels and vault maps discovered:
D:1:      tarquinn_simple_flora_water_b, layout_rooms,
          nicolae_ecumenical_snake_handling
D:2:      layout_loops_ring, minmay_misc_feat_alley, grunt_ministairs_10,
          chequers_serial_rivers_room_b, hex_tiny
D:3:      layout_loops_ring, dreamdust_wishing_well, uniq_ijyb
D:4:      layout_cave_pools, nicolae_shop_vocational
D:5:      layout_gridville, minmay_temple_entry_wispy, nicolae_letterblocks
          [nicolae_letter_subblock, nicolae_letter_subblock,
          nicolae_letter_subblock, nicolae_letter_subblock,
          nicolae_letter_subblock, nicolae_letter_subblock,
          nicolae_letter_subblock, nicolae_letter_subblock,
          nicolae_letter_subblock, nicolae_letter_subblock,
          nicolae_letter_subblock, nicolae_letter_subblock,
          nicolae_letter_subblock, nicolae_letter_subblock,
          nicolae_letter_subblock, nicolae_letter_subblock,
          nicolae_letter_subblock, nicolae_letter_subblock,
          nicolae_letter_subblock, nicolae_letter_subblock,
          nicolae_letter_subblock, nicolae_letter_subblock,
          nicolae_letter_subblock, nicolae_letter_subblock,
          nicolae_letter_subblock]
D:6:      layout_gridville, gammafunk_temple_overflow_elements,
          portal_sewer_entry_d, serial_shops, nicolae_shop_mannequins,
          nicolae_shop_just_a_little_nook, shop, shop, lightli_minifort,
          uniq_blork_the_orc
D:7:      minmay_the_grid_square_5x5_3x3 [minmay_the_grid_square_5x5_lines,
          minmay_the_grid_square_5x5_bite, minmay_the_grid_square_5x5_meh,
          minmay_the_grid_square_5x5_minimal,
          minmay_the_grid_square_5x5_megaprize_crossed,
          minmay_the_grid_square_5x5_doubleslash,
          minmay_the_grid_square_5x5_three_walls,
          minmay_the_grid_square_5x5_checkered,
          minmay_the_grid_square_5x5_inverted_slash], layout_loops_ring,
          mainiacjoe_overflow_six_doors_small, mainiacjoe_overflow_swirl,
          nicolae_shop_i_like_big_books, minmay_misc_feat_columns,
          grunt_decor_cap, minmay_chambers_of_fives
Temple:   eino_temple_water

Skill      XL: |  1  2  3  4  5  6  7  8  9 |
---------------+----------------------------+-----
Summonings     | 5 6 7 8 9 12 13 | 13.0
Spellcasting   | 3 4 5 7 |  7.6
Dodging        | |  2.2
Stealth        | |  1.8

Action                     |  1- 3 |  4- 6 |  7- 9 || total
---------------------------+-------+-------+-------++-------
  Melee: Unarmed           |     9 |       |       ||     9
         Club              |    86 |    42 |       ||   128
         Punch             |     1 |       |     1 ||     2
         Falchion          |       |    71 |    59 ||   130
   Cast: Summon Small Mamm |    29 |     9 |     9 ||    47
         Call Imp          |     6 |    16 |    26 ||    48
         Call Canine Famil |     4 |    16 |    28 ||    48
         Summon Lightning  |       |       |    17 ||    17
         Summon Blazeheart |       |       |     1 ||     1
Ability: Hop               |       |     1 |     5 ||     6
    Use: Scroll            |       |       |     1 ||     1
         Potion            |       |       |     2 ||     2
   Stab: Distracted        |     1 |       |       ||     1
         Sleeping          |     3 |     2 |     2 ||     7
 Armour: Robe              |    70 |    76 |    77 ||   223
  Dodge: Dodged            |   114 |    86 |    55 ||   255
